[Event "FIDE WSTC Open 65 2025"]
[Site "Prague"]
[Date "2025.02.21"]
[Round "5.2"]
[White "Jussupow, Artur"]
[Black "Flear, Glenn C"]
[Result "1-0"]
[Annotator "TA"]
[ECO "D46"]
[WhiteElo "2559"]
[BlackElo "2384"]
[PlyCount "129"]
[EventDate "2025.02.17"]
[EventType "team-tourn"]
[EventCountry "CZE"]
[SourceTitle "playchess.com"]
[Source "ChessBase"]
[SourceQuality "1"]
[TimeControl "40/5400+30:1800+30"]

1. d4 d5 2. c4 c6 3. e3 Nf6 4. Nc3 e6 5. Nf3 Nbd7 6. Qc2 Bd6 7. Bd3 O-O 8. O-O dxc4 9. Bxc4 b5 10. Be2 Bb7 11. Rd1 Qc7 12. e4 e5 {[%emt 0:01:45] D46: Semi-Slav: 5 e3 Nbd7 6 Bd3, Black avoids the Meran.} 13. Bg5 exd4 14. Rxd4 Bc5 (14... Ne5 $11) 15. Rdd1 $16 Ng4 16. Bh4 Nde5 $146 ({Predecessor:} 16... Rac8 17. Bg3 Nde5 18. Nh4 Qb6 19. Bxg4 Nxg4 20. Nf5 Rfe8 21. e5 Bf8 22. Nd6 Bxd6 23. exd6 {½-½ Horvath,C (2538)-Korneev,O (2606) AUT-chT 0607 2006 (4)}) 17. Nxe5 (17. Bg3 {is more complex.} Bxf2+ 18. Bxf2 Nxf3+ 19. Bxf3 Qxh2+ 20. Kf1) 17... Nxe5 18. Rac1 Rac8 {[%emt 0:05:42] [#]} 19. Na4 $1 Be7 (19... Bxf2+ 20. Bxf2) 20. Bxe7 Qxe7 21. Nc5 Rcd8 22. Nxb7 Qxb7 23. Qc5 f6 (23... Rde8 $14) 24. f4 Ng6 25. g3 (25. Qxc6 Qxc6 26. Rxc6 Nxf4 $14) 25... Ne7 26. Kg2 g6 27. Bf3 {[%emt 0:05:38] White is much more active.} Rd7 (27... Kf7 $16 28. Rd6 Rxd6 29. Qxd6 Qb8) 28. Rxd7 $18 Qxd7 29. Rd1 {[%emt 0:00:15] Repels Qd2+} Qc7 30. Qd6 {[%emt 0:03:12] Dodges Rd8} ({White should play} 30. Rd6 $18) 30... Qxd6 $16 31. Rxd6 {[%emt 0:00:05][%mdl 4096] Endgame KRB-KRN} Kf7 32. Kf2 Rc8 33. Ke3 Rc7 34. g4 (34. Bg4 $16) 34... g5 35. fxg5 fxg5 36. e5 Ng6 37. Bxc6 Nxe5 38. Bd5+ (38. Bxb5 Nxg4+ 39. Kf3 h5 $11 (39... Nxh2+ 40. Kg3 $16)) 38... Kg7 39. h3 Rc2 (39... b4 $14) 40. Ra6 Rxb2 41. Rxa7+ Kf6 42. Ra6+ ({Don't take} 42. Rxh7 Nc4+ 43. Kd4 Rxa2 $11) 42... Kg7 43. Kd4 Ng6 {[%emt 0:00:00] [#]} 44. Ra7+ $1 Kh8 45. Rb7 b4 (45... Rd2+ $16 {was worth a try.} 46. Kc5 Nf4) 46. Bb3 $18 Nf4 (46... Rd2+ $142 47. Kc4 Ne5+ 48. Kxb4 Rh2) 47. Rxb4 Nxh3 $2 (47... Rd2+ 48. Kc3 Rd8) 48. a4 Nf4 49. a5 Rd2+ 50. Ke4 Rd7 (50... Rd8 $142 51. a6 Ra8) 51. Bc4 Ra7 52. a6 Ne6 53. Bxe6 Rxa6 {[%emt 0:00:07] KRB-KR} 54. Ke5 Kg7 55. Rb7+ Kh6 56. Bd5 {[%emt 0:02:52] and Rc7 should not be overlooked} Ra5 57. Rc7 Kg6 58. Rc6+ Kg7 59. Rd6 {[%emt 0:00:03] White threatens Kf5 and mate.} h6 60. Kf5 {[%emt 0:00:59] White mates.} Ra7 61. Rg6+ Kh7 62. Re6 Rf7+ 63. Ke5 Rf4 64. Be4+ Kg7 65. Bf5 {[%emt 0:00:44] Weighted Error Value: White=0.26 (precise) /Black=0.42  Mistake:       	White=2     	Black=8      Inaccurate:     	White=2     	Black=3      OK:         	White=22    	Black=9      Best:        	White=3     	Black=5} 1-0

[Event "FIDE WSTC Open 65 2025"]
[Site "Prague"]
[Date "2025.02.21"]
[Round "5.3"]
[White "Kosten, Anthony C."]
[Black "Meister, Jakob"]
[Result "1/2-1/2"]
[Annotator "RC"]
[ECO "B13"]
[WhiteElo "2372"]
[BlackElo "2418"]
[PlyCount "29"]
[EventDate "2025.02.17"]
[EventType "team-tourn"]
[EventCountry "CZE"]
[SourceTitle "playchess.com"]
[Source "ChessBase"]
[SourceQuality "1"]
[TimeControl "40/5400+30:1800+30"]

1. c4 c6 2. e4 d5 3. exd5 cxd5 4. d4 Nf6 5. Nc3 Nc6 6. Nf3 Bg4 7. cxd5 Nxd5 8. Qb3 Bxf3 9. gxf3 e6 10. Qxb7 Nxd4 11. Bb5+ Nxb5 12. Qc6+ Ke7 13. Qc5+ Ke8 14. Qc6+ Ke7 15. Qc5+ 1/2-1/2

[Event "FIDE WSTC Open 65 2025"]
[Site "Prague"]
[Date "2025.02.21"]
[Round "5.4"]
[White "Koehler, Gerhard"]
[Black "Large, Peter G"]
[Result "0-1"]
[Annotator "RC"]
[ECO "A30"]
[WhiteElo "2215"]
[BlackElo "2314"]
[PlyCount "54"]
[EventDate "2025.02.17"]
[EventType "team-tourn"]
[EventCountry "CZE"]
[SourceTitle "playchess.com"]
[Source "ChessBase"]
[SourceQuality "1"]
[TimeControl "40/5400+30:1800+30"]

1. c4 Nf6 2. Nc3 e6 3. Nf3 b6 4. g3 c5 5. Bg2 Bb7 6. O-O Be7 7. b3 O-O 8. Bb2 a6 9. d4 cxd4 10. Qxd4 d6 11. Rfd1 Nbd7 12. Rac1 Qb8 13. e4 Rd8 14. Qe3 Bf8 15. Nd4 Re8 16. Qd2 Qc7 17. h3 Rac8 18. Nde2 Qb8 19. g4 h6 20. Qf4 Ne5 21. Qg3 b5 22. cxb5 axb5 23. a3 Ba8 24. f4 Ng6 25. Rd4 e5 26. Rb4 exf4 27. Nxf4 d5 0-1

[Event "FIDE WSTC Open 65 2025"]
[Site "Prague"]
[Date "2025.02.21"]
[Round "5.5"]
[White "Birnboim, Nathan"]
[Black "Garcia Palermo, Carlos Horacio"]
[Result "1-0"]
[Annotator "RC"]
[ECO "C01"]
[WhiteElo "2313"]
[BlackElo "2412"]
[PlyCount "57"]
[EventDate "2025.02.17"]
[EventType "team-tourn"]
[EventCountry "CZE"]
[SourceTitle "playchess.com"]
[Source "ChessBase"]
[SourceQuality "1"]
[TimeControl "40/5400+30:1800+30"]

1. e4 e6 2. d4 d5 3. exd5 exd5 4. c4 Nf6 5. Nc3 Bb4 6. Nf3 O-O 7. Bd3 c5 8. O-O dxc4 9. Bxc4 cxd4 10. Nxd4 Bg4 11. Nce2 Nbd7 12. h3 Bh5 13. Qb3 Bc5 14. Be3 Qb6 15. Nf4 Bxd4 16. Bxd4 Qxd4 17. Nxh5 Nxh5 18. Rad1 Qe4 19. Rxd7 Nf4 20. Bxf7+ Kh8 21. Qxb7 Qf5 22. Rfd1 h5 23. Qf3 Rab8 24. Bb3 a5 25. Kh1 a4 26. Bxa4 Rxb2 27. Bb3 Rf6 28. Qa8+ Kh7 29. Qg8+ 1-0

[Event "FIDE WSTC Open 65 2025"]
[Site "Prague"]
[Date "2025.02.21"]
[Round "5.6"]
[White "Ortega, Lexy"]
[Black "Maryasin, Boris"]
[Result "1/2-1/2"]
[Annotator "RC"]
[ECO "E92"]
[WhiteElo "2348"]
[BlackElo "2218"]
[PlyCount "85"]
[EventDate "2025.02.17"]
[EventType "team-tourn"]
[EventCountry "CZE"]
[SourceTitle "playchess.com"]
[Source "ChessBase"]
[SourceQuality "1"]
[TimeControl "40/5400+30:1800+30"]

1. d4 Nf6 2. Nf3 g6 3. c4 Bg7 4. Nc3 d6 5. e4 O-O 6. Be2 e5 7. d5 Na6 8. Bg5 h6 9. Bh4 g5 10. Bg3 Nh5 11. h4 g4 12. Nh2 Nxg3 13. fxg3 h5 14. O-O Nc5 15. b4 Nd7 16. Qd2 a5 17. a3 axb4 18. axb4 Rxa1 19. Rxa1 Qf6 20. Nb5 Bh6 21. Qd3 Qd8 22. Rf1 Nf6 23. Rf2 Ne8 24. c5 Qe7 25. Qc3 f5 26. Na7 Bd7 27. Nf1 Nf6 28. Bd3 fxe4 29. Bc4 e3 30. Nxe3 Ne4 31. Rxf8+ Qxf8 32. Qe1 dxc5 33. d6+ Kg7 34. Nd5 Nf6 35. dxc7 Nxd5 36. Bxd5 Qd6 37. Qe4 Qxc7 38. Kh2 cxb4 39. Qxb4 Be8 40. Nb5 Bxb5 41. Qxb5 Qe7 42. Be4 Bf4 43. Qxb7 1/2-1/2

[Event "FIDE WSTC Open 65 2025"]
[Site "Prague"]
[Date "2025.02.21"]
[Round "5.7"]
[White "Lederman, Leon"]
[Black "Sibilio, Mario"]
[Result "1/2-1/2"]
[Annotator "RC"]
[ECO "B09"]
[WhiteElo "2198"]
[BlackElo "2229"]
[PlyCount "161"]
[EventDate "2025.02.17"]
[EventType "team-tourn"]
[EventCountry "CZE"]
[SourceTitle "playchess.com"]
[Source "ChessBase"]
[SourceQuality "1"]
[TimeControl "40/5400+30:1800+30"]

1. e4 d6 2. d4 Nf6 3. Nc3 g6 4. f4 Bg7 5. Nf3 O-O 6. Bd3 Na6 7. e5 Ne8 8. Ne4 Nb4 9. O-O Bf5 10. Nf2 Nxd3 11. Nxd3 c5 12. c3 cxd4 13. cxd4 Nc7 14. Nf2 Qd7 15. Be3 Nd5 16. Qd2 Rac8 17. Rac1 f6 18. Rxc8 Rxc8 19. Rc1 Rxc1+ 20. Qxc1 Qc6 21. Qxc6 bxc6 22. Bd2 Bb1 23. a3 Kf7 24. exd6 exd6 25. g4 Ke6 26. Kg2 Nb6 27. Nd1 Nc4 28. Nc3 Bd3 29. Bc1 Nb6 30. Ne1 Bc4 31. Kf2 f5 32. gxf5+ Kxf5 33. Be3 Bb3 34. Nf3 Nc4 35. Bc1 Bf6 36. h3 Nb6 37. Be3 a6 38. Nd2 Bd5 39. b3 Bh4+ 40. Kf1 h5 41. a4 Ke6 42. Bf2 Bd8 43. Be3 Nd7 44. Kf2 Ba5 45. Nxd5 Kxd5 46. Nc4 Bc7 47. Ke2 Ke4 48. Nd2+ Kf5 49. d5 cxd5 50. b4 d4 51. Bxd4 Kxf4 52. b5 axb5 53. axb5 d5 54. Kf2 Bb6 55. Nb3 g5 56. Bxb6 Nxb6 57. Nd4 Ke4 58. Ne6 Kf5 59. Nd4+ Ke5 60. Nf3+ Kf4 61. Nd4 g4 62. Ne2+ Kg5 63. hxg4 Kxg4 64. Nd4 Kf4 65. Ne2+ Ke5 66. Kg3 Ke4 67. Nc3+ Kf5 68. Ne2 Kg5 69. Nd4 Nc4 70. Nf3+ Kf5 71. Nd4+ Ke4 72. Nb3 Nb6 73. Kh4 Kd3 74. Kxh5 Kc4 75. Nd2+ Kxb5 76. Kg4 Nc4 77. Nf3 Kb4 78. Nd4 Kc3 79. Ne6 Ne5+ 80. Kf4 d4 81. Nxd4 1/2-1/2

[Event "FIDE WSTC Open 65 2025"]
[Site "Prague"]
[Date "2025.02.21"]
[Round "5.8"]
[White "Cocozza, Mario"]
[Black "Gal, Moshe"]
[Result "0-1"]
[Annotator "ChessBase"]
[ECO "B31"]
[WhiteElo "2154"]
[BlackElo "2059"]
[PlyCount "60"]
[EventDate "2025.02.17"]
[EventType "team-tourn"]
[EventCountry "CZE"]
[SourceTitle "playchess.com"]
[Source "ChessBase"]
[SourceQuality "1"]
[TimeControl "40/5400+30:1800+30"]

1. e4 c5 2. Nf3 Nc6 3. Bb5 g6 4. Bxc6 dxc6 5. d3 Bg7 6. h3 Nf6 7. O-O Nd7 8. Nc3 e5 9. a3 Nf8 10. b4 Ne6 11. Na4 b6 12. Be3 Qe7 13. Qd2 h6 14. Nh2 g5 15. Rfe1 h5 16. f3 Nf4 17. bxc5 b5 18. Nc3 g4 19. hxg4 hxg4 20. g3 gxf3 21. gxf4 exf4 22. e5 Qg5+ 23. Kh1 fxe3 24. Rxe3 Bh3 25. Ne4 Bg2+ 26. Kg1 Qf4 27. Nf1 Rh1+ 28. Kf2 Qh4+ 29. Neg3 Bxf1 30. Kxf3 Rh2 0-1

[Event "FIDE WSTC Open 65 2025"]
[Site "Prague"]
[Date "2025.02.21"]
[Round "5.9"]
[White "Pribyl, Josef"]
[Black "Vaisser, Anatoly"]
[Result "0-1"]
[Annotator "RC"]
[ECO "C01"]
[WhiteElo "2184"]
[BlackElo "2452"]
[PlyCount "84"]
[EventDate "2025.02.17"]
[EventType "team-tourn"]
[EventCountry "CZE"]
[SourceTitle "playchess.com"]
[Source "ChessBase"]
[SourceQuality "1"]
[TimeControl "40/5400+30:1800+30"]

1. e4 e6 2. d4 d5 3. Nc3 Nf6 4. exd5 exd5 5. Nf3 Be7 6. Bf4 c6 7. h3 Nbd7 8. Be2 Nf8 9. Qd3 Ng6 10. Be3 Bd6 11. g3 Qe7 12. Nd2 O-O 13. O-O-O Re8 14. Rdg1 b5 15. Bf3 a5 16. Nb3 a4 17. Nc5 Bxc5 18. dxc5 b4 19. Nb1 Ne5 20. Qd1 a3 21. bxa3 bxa3 22. Bd4 Bf5 23. Re1 Be4 24. Bxe4 dxe4 25. Nd2 Ra4 26. Nxe4 Rb8 27. Nc3 Qb7 28. Bxe5 Qb2+ 29. Kd2 Rd8+ 30. Ke3 Rxd1 31. Rxd1 Nd5+ 32. Kf3 Ra8 33. Rd3 Nxc3 34. Bxc3 Qxa2 35. Rhd1 h6 36. Bb4 Qxc2 37. R1d2 Qc1 38. Rd1 Qb2 39. Bc3 Qb5 40. Bd4 a2 41. Kg2 Rd8 42. R3d2 Qb1 0-1

[Event "FIDE WSTC Open 65 2025"]
[Site "Prague"]
[Date "2025.02.21"]
[Round "5.10"]
[White "Haik, Aldo"]
[Black "Babula, Milan"]
[Result "1/2-1/2"]
[Annotator "RC"]
[ECO "E99"]
[WhiteElo "2377"]
[BlackElo "2077"]
[PlyCount "91"]
[EventDate "2025.02.17"]
[EventType "team-tourn"]
[EventCountry "CZE"]
[SourceTitle "playchess.com"]
[Source "ChessBase"]
[SourceQuality "1"]
[TimeControl "40/5400+30:1800+30"]

1. d4 Nf6 2. c4 g6 3. Nc3 Bg7 4. e4 d6 5. Nf3 O-O 6. Be2 e5 7. O-O Nc6 8. d5 Ne7 9. Ne1 Nd7 10. f3 f5 11. g4 h5 12. g5 a5 13. h4 Nc5 14. Nd3 b6 15. Be3 Bd7 16. Rc1 c6 17. Qd2 Nxd3 18. Bxd3 c5 19. b3 Rf7 20. Nb5 f4 21. Bf2 Nc8 22. Rfd1 Bf8 23. Bf1 Na7 24. Nc3 Rb8 25. Kh2 Kg7 26. a3 b5 27. b4 axb4 28. axb4 cxb4 29. Bxa7 bxc3 30. Qxc3 Rb7 31. Bf2 bxc4 32. Bxc4 Ba4 33. Rd2 Bb5 34. Bxb5 Rxb5 35. Ra2 Qb8 36. Qc8 Qxc8 37. Rxc8 Rfb7 38. Rac2 Be7 39. R8c7 Kf7 40. Rxb7 Rxb7 41. Rc8 Rb2 42. Kg2 Ra2 43. Rb8 Rc2 44. Kf1 Rc3 45. Kg2 Rc2 46. Ra8 1/2-1/2

[Event "FIDE WSTC Open 65 2025"]
[Site "Prague"]
[Date "2025.02.21"]
[Round "5.11"]
[White "Vrana, Frantisek"]
[Black "Sharif, Mehrshad"]
[Result "0-1"]
[Annotator "RC"]
[ECO "D01"]
[WhiteElo "2115"]
[BlackElo "2318"]
[PlyCount "84"]
[EventDate "2025.02.17"]
[EventType "team-tourn"]
[EventCountry "CZE"]
[SourceTitle "playchess.com"]
[Source "ChessBase"]
[SourceQuality "1"]
[TimeControl "40/5400+30:1800+30"]

1. d4 d5 2. Nc3 Nf6 3. Bg5 c6 4. Qd3 Qa5 5. Bxf6 exf6 6. e4 dxe4 7. Qxe4+ Be6 8. Bd3 Ba3 9. O-O-O Qxc3 10. bxa3 Nd7 11. Ne2 Qxa3+ 12. Kd2 Nb6 13. Ke1 Qxa2 14. f3 Qd5 15. Nf4 Qxe4+ 16. Bxe4 O-O-O 17. c3 Nd5 18. Bxd5 Bxd5 19. Ra1 Kb8 20. Kd2 c5 21. Kd3 cxd4 22. cxd4 Bc6 23. Rhd1 Rd6 24. Rd2 Bb5+ 25. Ke3 Re8+ 26. Kf2 Red8 27. Ke3 f5 28. g3 g5 29. Ng2 Rh6 30. Rh1 Ra6 31. Rc1 Ra3+ 32. Kf2 Bc6 33. Ne1 a5 34. Rc5 Rd5 35. Rc1 Rb3 36. Ra1 Rb4 37. Nc2 Rb2 38. Ke3 Rdb5 39. Ne1 f4+ 40. gxf4 gxf4+ 41. Ke2 R5b3 42. Rxa5 Re3+ 0-1

[Event "FIDE WSTC Open 65 2025"]
[Site "Prague"]
[Date "2025.02.21"]
[Round "5.12"]
[White "Giffard, Nicolas"]
[Black "Cesal, Jaroslav"]
[Result "1/2-1/2"]
[Annotator "ChessBase"]
[ECO "D12"]
[WhiteElo "2154"]
[BlackElo "2049"]
[PlyCount "120"]
[EventDate "2025.02.17"]
[EventType "team-tourn"]
[EventCountry "CZE"]
[SourceTitle "playchess.com"]
[Source "ChessBase"]
[SourceQuality "1"]
[TimeControl "40/5400+30:1800+30"]

1. d4 d5 2. Nf3 Nf6 3. c4 c6 4. e3 Bf5 5. Nc3 e6 6. Bd3 dxc4 7. Bxc4 Nbd7 8. O-O Be7 9. Qe2 O-O 10. Rd1 Re8 11. e4 Bg6 12. e5 Nd5 13. Ne4 h6 14. Bd3 Qb6 15. a3 Red8 16. h3 Rac8 17. Rb1 c5 18. dxc5 Nxc5 19. Nxc5 Qxc5 20. Bxg6 fxg6 21. Bd2 Qc4 22. Qxc4 Rxc4 23. Rdc1 Rdc8 24. Rxc4 Rxc4 25. Rc1 Rxc1+ 26. Bxc1 Bc5 27. Ne1 Kf7 28. h4 Nb6 29. Nd3 Bd4 30. Kf1 Nc4 31. f4 Ke7 32. Ke2 Kd7 33. Kf3 Kc6 34. Ke4 Bg1 35. g4 Kd7 36. h5 gxh5 37. gxh5 Ke7 38. f5 Nb6 39. f6+ gxf6 40. exf6+ Kxf6 41. Bxh6 Nd5 42. Bd2 b6 43. Ne5 Kg7 44. Nf3 Bf2 45. Ke5 Nf6 46. h6+ Kf7 47. Ng5+ Kg6 48. Nxe6 Ng4+ 49. Kd6 Nxh6 50. Bxh6 Kxh6 51. Kc6 Kg6 52. Kb7 Kf5 53. Nc7 Ke4 54. Kxa7 Kd3 55. Nd5 Kc4 56. Nxb6+ Kb5 57. a4+ Ka5 58. b4+ Kxb4 59. Ka6 Bxb6 60. Kxb6 Kxa4 1/2-1/2

[Event "FIDE WSTC Open 65 2025"]
[Site "Prague"]
[Date "2025.02.21"]
[Round "5.13"]
[White "Littlewood, Paul E"]
[Black "Roos, Jean-Luc"]
[Result "1/2-1/2"]
[Annotator "RC"]
[ECO "D36"]
[WhiteElo "2309"]
[BlackElo "2165"]
[PlyCount "109"]
[EventDate "2025.02.17"]
[EventType "team-tourn"]
[EventCountry "CZE"]
[SourceTitle "playchess.com"]
[Source "ChessBase"]
[SourceQuality "1"]
[TimeControl "40/5400+30:1800+30"]

1. d4 d5 2. c4 e6 3. Nc3 Nf6 4. cxd5 exd5 5. Bg5 Be7 6. e3 c6 7. Bd3 O-O 8. Qc2 Nbd7 9. Nge2 Re8 10. O-O Nf8 11. Rae1 Be6 12. f3 h6 13. Bh4 a6 14. Qd2 Ne4 15. Nxe4 Bxh4 16. N4g3 Qd6 17. Bb1 Rad8 18. Rd1 Bc8 19. e4 dxe4 20. fxe4 Bxg3 21. Nxg3 Bg4 22. Qf2 Bxd1 23. Qxf7+ Kh8 24. Rxd1 Qe7 25. Qf2 Ne6 26. e5 Nf8 27. Nf5 Qxe5 28. Rf1 Qf6 29. Qg3 Qg5 30. Qc3 Ne6 31. Qf3 Qf6 32. Qd3 Ng5 33. h4 Ne4 34. Ng3 Qxd4+ 35. Qxd4 Rxd4 36. Nxe4 Rdxe4 37. Bxe4 Rxe4 38. Rf7 Rb4 39. b3 Kg8 40. Rd7 a5 41. h5 Rb5 42. Rc7 Rxh5 43. Rxb7 Rb5 44. Rc7 Rc5 45. a3 Kh7 46. b4 axb4 47. axb4 Rc4 48. Rb7 h5 49. b5 cxb5 50. Rxb5 h4 51. Kh2 Kh6 52. g3 g5 53. gxh4 Rxh4+ 54. Kg3 Ra4 55. Rb8 1/2-1/2

[Event "FIDE WSTC Open 65 2025"]
[Site "Prague"]
[Date "2025.02.21"]
[Round "5.14"]
[White "Boulard, Eric"]
[Black "Stebbings, Anthony J"]
[Result "1/2-1/2"]
[Annotator "RC"]
[ECO "A30"]
[WhiteElo "2162"]
[BlackElo "2239"]
[PlyCount "103"]
[EventDate "2025.02.17"]
[EventType "team-tourn"]
[EventCountry "CZE"]
[SourceTitle "playchess.com"]
[Source "ChessBase"]
[SourceQuality "1"]
[TimeControl "40/5400+30:1800+30"]

1. c4 c5 2. Nf3 Nc6 3. g3 g6 4. d4 cxd4 5. Nxd4 Bg7 6. Nxc6 bxc6 7. Bg2 Rb8 8. O-O Rxb2 9. Bxb2 Bxb2 10. Nd2 Bxa1 11. Qxa1 Nf6 12. Ne4 O-O 13. Nxf6+ exf6 14. Qd4 Qa5 15. Bf3 Kg7 16. Rb1 c5 17. Qb2 d6 18. h4 h5 19. Rd1 Qc7 20. Qd2 Rd8 21. Rb1 Qe7 22. Bd5 Be6 23. Rb7 Rd7 24. Rb8 Bxd5 25. Qxd5 f5 26. e3 Qe4 27. Qd2 Qxc4 28. Qb2+ f6 29. a3 Qf7 30. Qb5 Rc7 31. Kh2 c4 32. Ra8 c3 33. Qb8 Kh6 34. Qh8+ Qh7 35. Qf8+ Qg7 36. Qxd6 c2 37. Rh8+ Qxh8 38. Qxc7 Qe8 39. Qxc2 Qd7 40. Qc5 Kg7 41. Qd4 Qb7 42. a4 a5 43. Qc5 Qb4 44. Qc6 Kf7 45. Qd7+ Kg8 46. Qb5 Kg7 47. Qe8 Qc5 48. Qd7+ Kg8 49. Qb5 Qb4 50. Kg2 Kg7 51. Kf1 Qxb5+ 52. axb5 1/2-1/2

[Event "FIDE WSTC Open 65 2025"]
[Site "Prague"]
[Date "2025.02.21"]
[Round "5.15"]
[White "Povah, Nigel E"]
[Black "Fayard, Alain"]
[Result "1-0"]
[Annotator "ChessBase"]
[ECO "A80"]
[WhiteElo "2206"]
[BlackElo "2117"]
[PlyCount "45"]
[EventDate "2025.02.17"]
[EventType "team-tourn"]
[EventCountry "CZE"]
[SourceTitle "playchess.com"]
[Source "ChessBase"]
[SourceQuality "1"]
[TimeControl "40/5400+30:1800+30"]

1. d4 f5 2. Bg5 c6 3. e3 Qb6 4. Qc1 g6 5. Bd3 Bg7 6. f4 d6 7. Nf3 Nd7 8. Nbd2 Ngf6 9. c3 O-O 10. Qc2 Qc7 11. O-O d5 12. c4 e6 13. c5 Ne4 14. Bh4 Ndf6 15. Bxf6 Bxf6 16. b4 h6 17. Bxe4 fxe4 18. Ne5 Kh7 19. Kh1 Bd7 20. Nb3 Rg8 21. Qe2 Rg7 22. Qg4 Rag8 23. Qh3 1-0

[Event "FIDE WSTC Open 65 2025"]
[Site "Prague"]
[Date "2025.02.21"]
[Round "5.16"]
[White "Theon, Pierre"]
[Black "Baker, Chris W"]
[Result "1/2-1/2"]
[Annotator "ChessBase"]
[ECO "C56"]
[WhiteElo "2079"]
[BlackElo "2150"]
[PlyCount "34"]
[EventDate "2025.02.17"]
[EventType "team-tourn"]
[EventCountry "CZE"]
[SourceTitle "playchess.com"]
[Source "ChessBase"]
[SourceQuality "1"]
[TimeControl "40/5400+30:1800+30"]

1. e4 e5 2. Nf3 Nc6 3. Bc4 Nf6 4. d4 exd4 5. e5 Ne4 6. Qe2 Nc5 7. c3 Ne6 8. O-O Be7 9. Qe4 d6 10. cxd4 dxe5 11. d5 Nc5 12. Qe2 Na5 13. Nxe5 Nxc4 14. Qxc4 O-O 15. Be3 Nd7 16. Nxd7 Bxd7 17. Nc3 Re8 1/2-1/2

[Event "FIDE WSTC Open 65 2025"]
[Site "Prague"]
[Date "2025.02.21"]
[Round "5.17"]
[White "Houston, David"]
[Black "Renman, Nils-Gustaf"]
[Result "1/2-1/2"]
[Annotator "RC"]
[ECO "C09"]
[WhiteElo "2235"]
[BlackElo "2306"]
[PlyCount "87"]
[EventDate "2025.02.17"]
[EventType "team-tourn"]
[EventCountry "CZE"]
[SourceTitle "playchess.com"]
[Source "ChessBase"]
[SourceQuality "1"]
[TimeControl "40/5400+30:1800+30"]

1. e4 e6 2. d4 d5 3. Nd2 c5 4. Ngf3 Nc6 5. exd5 exd5 6. dxc5 Bxc5 7. Nb3 Bb6 8. c3 Nf6 9. Be2 O-O 10. O-O Re8 11. Nbd4 Bg4 12. Be3 Nxd4 13. cxd4 Qd6 14. h3 Bh5 15. a3 Ne4 16. Ne5 Bxe2 17. Qxe2 Qe6 18. Qd3 Rac8 19. Rfc1 Nd6 20. Rxc8 Rxc8 21. Rc1 Rxc1+ 22. Bxc1 Nc4 23. Nf3 Qe4 24. Qc3 Qe2 25. b3 Ba5 26. b4 Bb6 27. g3 a5 28. Kg2 a4 29. h4 f6 30. Ng1 Qd1 31. Nf3 Kf7 32. h5 Qb3 33. Qe1 Qd3 34. Qf1 Qc2 35. Qe1 Qd3 36. Qf1 Qb3 37. Qe1 Nxa3 38. Ng5+ fxg5 39. Bxg5 h6 40. Qe7+ Kg8 41. Qe8+ Kh7 42. Qg6+ Kh8 43. Qe8+ Kh7 44. Qg6+ 1/2-1/2

[Event "FIDE WSTC Open 65 2025"]
[Site "Prague"]
[Date "2025.02.21"]
[Round "5.18"]
[White "Wahlbom, Magnus"]
[Black "Wallace, John Paul"]
[Result "1/2-1/2"]
[Annotator "RC"]
[ECO "C64"]
[WhiteElo "2109"]
[BlackElo "2351"]
[PlyCount "60"]
[EventDate "2025.02.17"]
[EventType "team-tourn"]
[EventCountry "CZE"]
[SourceTitle "playchess.com"]
[Source "ChessBase"]
[SourceQuality "1"]
[TimeControl "40/5400+30:1800+30"]

1. e4 e5 2. Nf3 Nc6 3. Bb5 Bc5 4. O-O Nd4 5. Bc4 d6 6. c3 Nxf3+ 7. Qxf3 Nf6 8. d3 Be6 9. Bb3 O-O 10. Be3 Bxe3 11. fxe3 a5 12. Nd2 Bg4 13. Qf2 a4 14. Bc2 c5 15. Nf3 b5 16. Qg3 a3 17. b3 Be6 18. Rac1 Nh5 19. Qe1 g6 20. d4 Bg4 21. Nh4 cxd4 22. exd4 Nf4 23. Nf3 Rc8 24. Kh1 Qb6 25. g3 Ne6 26. d5 Nc5 27. Qd2 Bxf3+ 28. Rxf3 b4 29. c4 Kg7 30. h4 f6 1/2-1/2

[Event "FIDE WSTC Open 65 2025"]
[Site "Prague"]
[Date "2025.02.21"]
[Round "5.19"]
[White "Smith, Andrew Philip"]
[Black "Malmdin, Nils-Ake"]
[Result "1/2-1/2"]
[Annotator "ChessBase"]
[ECO "A43"]
[WhiteElo "2117"]
[BlackElo "2094"]
[PlyCount "95"]
[EventDate "2025.02.17"]
[EventType "team-tourn"]
[EventCountry "CZE"]
[SourceTitle "playchess.com"]
[Source "ChessBase"]
[SourceQuality "1"]
[TimeControl "40/5400+30:1800+30"]

1. e4 g6 2. d4 Bg7 3. Nf3 c5 4. d5 d6 5. Bb5+ Nd7 6. a4 Ngf6 7. Nc3 O-O 8. h3 Ne8 9. O-O Nc7 10. Bc4 b6 11. Qd3 a6 12. Bg5 h6 13. Bh4 g5 14. Bg3 Ne5 15. Nxe5 dxe5 16. Qd2 Qd6 17. Be2 Bd7 18. Bg4 b5 19. Bxd7 Qxd7 20. f3 Ne6 21. Nd1 Nd4 22. Ne3 e6 23. Kh1 exd5 24. Nxd5 Qb7 25. axb5 axb5 26. Rxa8 Rxa8 27. c3 Ne6 28. Ne3 Rd8 29. Qf2 Nf4 30. Nf5 Nd3 31. Qc2 Bf8 32. b3 c4 33. bxc4 bxc4 34. Qa4 Qb3 35. Qc6 Qxc3 36. Nxh6+ Bxh6 37. Qxh6 Qd2 38. Bh4 Rd6 39. Bxg5 Nf4 40. Bxf4 exf4 41. Qh4 c3 42. Ra1 Qd1+ 43. Rxd1 Rxd1+ 44. Kh2 c2 45. Qg4+ Kh7 46. Qf5+ Kg7 47. Qg5+ Kh7 48. Qf5+ 1/2-1/2

[Event "FIDE WSTC Open 65 2025"]
[Site "Prague"]
[Date "2025.02.21"]
[Round "5.20"]
[White "Hammar, Bengt"]
[Black "Noone, Joe"]
[Result "1-0"]
[Annotator "RC"]
[ECO "B99"]
[WhiteElo "2100"]
[BlackElo "1934"]
[PlyCount "125"]
[EventDate "2025.02.17"]
[EventType "team-tourn"]
[EventCountry "CZE"]
[SourceTitle "playchess.com"]
[Source "ChessBase"]
[SourceQuality "1"]
[TimeControl "40/5400+30:1800+30"]

1. e4 c5 2. Nf3 d6 3. d4 cxd4 4. Nxd4 Nf6 5. Nc3 a6 6. Bg5 e6 7. f4 Be7 8. Qf3 Qc7 9. O-O-O Nbd7 10. g4 b5 11. Bxf6 Nxf6 12. g5 Nd7 13. a3 Nb6 14. h4 Bd7 15. f5 e5 16. Nb3 f6 17. Qh5+ Kf8 18. Rh3 Rc8 19. gxf6 Bxf6 20. Rhd3 Be8 21. Qg4 Na4 22. R1d2 Bf7 23. Nd5 Qa7 24. Kb1 h5 25. Qg3 Bd8 26. Rg2 Rg8 27. Rd1 g5 28. hxg5 Rxg5 29. Qh3 Rxg2 30. Qxg2 Nb6 31. Nc3 Nc4 32. Rd3 Qe7 33. Nd5 Qh4 34. Qe2 a5 35. Nd2 Rb8 36. Nxc4 bxc4 37. Rh3 Qg5 38. Qxc4 Qg1 39. Qe2 h4 40. Rd3 Bg5 41. Rd1 Qc5 42. Ka1 Kg7 43. c3 Kh6 44. Bh3 Rb3 45. Qc2 Rb7 46. Bg4 Be8 47. Qg2 Qc8 48. Rg1 Qd8 49. Be2 Rg7 50. Qf1 Bf6 51. Rxg7 Kxg7 52. b4 Bg5 53. Kb2 Bf7 54. Bc4 axb4 55. axb4 Kh6 56. Bb3 Bd2 57. f6 Qc8 58. Qd3 Bg5 59. Ne7 Qf8 60. Qxd6 Kh7 61. Qxe5 Bxb3 62. Qxg5 Bd1 63. Qxh4+ 1-0

[Event "FIDE WSTC Open 65 2025"]
[Site "Prague"]
[Date "2025.02.21"]
[Round "5.21"]
[White "Hugentobler, Patrick"]
[Black "Prakken, Gerrit"]
[Result "1/2-1/2"]
[Annotator "RC"]
[ECO "C28"]
[WhiteElo "2242"]
[BlackElo "2155"]
[PlyCount "62"]
[EventDate "2025.02.17"]
[EventType "team-tourn"]
[EventCountry "CZE"]
[SourceTitle "playchess.com"]
[Source "ChessBase"]
[SourceQuality "1"]
[TimeControl "40/5400+30:1800+30"]

1. e4 e5 2. Bc4 Nf6 3. d3 Nc6 4. Nc3 Bb4 5. Nge2 d5 6. exd5 Nxd5 7. O-O Be6 8. Bb3 O-O 9. Nxd5 Bxd5 10. Nc3 Bxb3 11. axb3 Qd7 12. Be3 Be7 13. Ra4 f5 14. f4 exf4 15. Bxf4 Bc5+ 16. Kh1 Rae8 17. Bg3 Nd4 18. Bf2 Bb6 19. Bxd4 Bxd4 20. Qf3 c6 21. Qf4 Bb6 22. Raa1 Qd4 23. Qxd4 Bxd4 24. Rae1 g6 25. Nd1 Kf7 26. g3 h5 27. Kg2 Kf6 28. c3 Bb6 29. d4 Re6 30. Rxe6+ Kxe6 31. Re1+ Kf6 1/2-1/2